 Dungeon Crawl Stone Soup version 0.29.1-15-g9cfb28693d (webtiles) character file.

Game seed: 12402170466804462923

438 growler the Ruffian (level 6, 0/47 HPs)
             Began as a Draconian Transmuter on Mar 5, 2023.
             Was an Initiate of Wu Jian.
             Slain by a centaur (3 damage)
             ... on level 5 of the Dungeon.
             The game lasted 00:09:52 (4433 turns).

growler the Ruffian (Draconian Transmuter)          Turns: 4433, Time: 00:09:56

Health: 0/47       AC:  6    Str: 13    XL:     6   Next: 69%
Magic:  9/10       EV: 12    Int: 15    God:    Wu Jian [......]
Gold:   185        SH:  0    Dex: 11    Spells: 1/11 levels left

rFire   . . .      SeeInvis .     - Unarmed
rCold   . . .      Faith    .   (no shield)
rNeg    . . .      Spirit   .   (body armour unavailable)
rPois   .          Reflect  .   (helmet currently unavailable)
rElec   .          Harm     .   s - scarf {repulsion}
rCorr   .          Rampage  .   (no gloves)
Will    .....                   (boots currently unavailable)
Stlth   +.........              (no amulet)
HPRegen 0.15/turn               (no ring)
MPRegen 0.12/turn               (no ring)

@: appendages, repel missiles
A: horns 2, talons 2, AC +6, unfitting armour, cold-blooded
a: End Transformation, Renounce Religion


You were on level 5 of the Dungeon.
You worshipped Wu Jian.
Wu Jian was noncommittal.
You had temporarily grown beastly horns and talons.
You visited 2 branches of the dungeon, and saw 6 of its levels.

You collected 185 gold pieces.

Inventory:

Armour
 s - a scarf of repulsion (worn)
Jewellery
 o - a ring of fire
 p - a ring of fire
 r - the ring "Loyfyrr" {Contam rN+ Int+4 Dex+9}
   (You found it on level 3 of the Dungeon)

   [ring of positive energy]

   Int:       It affects your intelligence (+4).
   Dex:       It affects your dexterity (+9).
   rN:        It protects you from negative energy.
   Contam:    It causes magical contamination when unequipped.
Wands
 q - a wand of digging (5)
Scrolls
 b - 2 scrolls of enchant armour
 d - a scroll of identify {unknown}
 e - 3 scrolls of teleportation
 f - a scroll of torment {unknown}
 h - 2 scrolls of poison {unknown}
 i - a scroll of fear {unknown}
 j - a scroll of amnesia {unknown}
 l - a scroll of immolation {unknown}
Potions
 a - a potion of lignification
 c - 2 potions of brilliance
 g - a potion of heal wounds
 k - a potion of magic {unknown}
 m - a potion of haste {unknown}
 n - a potion of curing {unknown}


   Skills:
 - Level 1.1 Fighting
 - Level 1.7 Dodging
 + Level 6.3 Unarmed Combat
 - Level 3.0 Spellcasting
 - Level 4.0 Transmutations


You had one spell level left.
You knew the following spells:

 Your Spells              Type           Power      Damage    Failure   Level
a - Beastly Appendage     Tmut           28%        N/A       3%          1
b - Wereblood             Tmut           14%        N/A       6%          2
c - Spider Form           Tmut/Pois      8%         N/A       26%         3
d - Ice Form              Ice/Tmut       8%         N/A       65%         4

Your spell library contained the following spells:

 Spells                   Type           Power      Damage    Failure   Level
 Summon Small Mammal      Summ           8%         N/A       21%         1
 Call Imp                 Summ           2%         N/A       30%         2
 Ignite Poison            Fire/Tmut/Pois 6%         N/A       34%         3
 Necromutation            Tmut/Necr      4%         N/A       100%        8


Dungeon Overview and Level Annotations

Branches:
Dungeon (5/15)             Temple (1/1) D:4

Altars:
Ashenzari
Cheibriados
Dithmenos
Elyvilon
Fedhas
Gozag
Hepliaklqana
Kikubaaqudgha
Makhleb
Nemelex Xobeh
Okawaru
Qazlal
Ru
Sif Muna
Trog
Uskayaw
Vehumet
Wu Jian
Yredelemnul
Zin
The Shining One

Annotations:
D:3 2 transporters, growler's ghost, amateur DrTm
Temple 2 transporters


Innate Abilities, Weirdness & Mutations

You have temporarily grown beastly horns and talons.
Your plain brown scales are hard. (AC +6)
You cannot fit into any form of body armour.
You are cold-blooded and may be slowed by cold attacks.


Message History

You see here a scarf of repulsion.
s - a scarf of repulsion Magic restored.
You start putting on your armour.
You continue putting on your scarf of repulsion. x4
You finish putting on your scarf of repulsion.
You are surrounded by a repulsion field.
Your transformation is almost over.
HP restored.
Your horns disappear.
Your talons disappear.
A centaur comes into view.
The centaur shouts!
Casting: Beastly Appendage (safe; 3% risk of failure)
Confirm with . or Enter, or press ? or * to list all spells.
You grow a pair of large bovine horns.
Your feet morph into talons.
The centaur wields a +0 shortbow.
The centaur shoots an arrow.
The arrow barely misses you.
The centaur shoots an arrow.
The arrow hits you.
The centaur shoots an arrow.
The arrow hits you!
The centaur shoots an arrow.
The arrow is repelled.
The centaur shoots an arrow.
The arrow hits you!
The centaur shoots an arrow.
The arrow hits you.
The centaur shoots an arrow.
The arrow hits you.
* * * LOW HITPOINT WARNING * * *
You completely miss the centaur.
The centaur unwields a +0 shortbow.
The centaur hits you.
* * * LOW HITPOINT WARNING * * *
The centaur kicks you but does no damage.
You hit the centaur. You claw the centaur, but do no damage.
The centaur is lightly wounded.
The centaur hits you.
* * * LOW HITPOINT WARNING * * *
The centaur kicks you but does no damage.
You punch the centaur! Your headbutt misses the centaur.
The centaur is moderately wounded.
The centaur barely misses you.
The centaur kicks you but does no damage.
The centaur hits you.
* * * LOW HITPOINT WARNING * * *
The centaur kicks you.
You die...

################
#..........@c..#
###.############
##.## #...#
#...# #...# ####
##.## #..#
#.#####..######
#.#....<......#


You could see a centaur.

Vanquished Creatures
  A phantom (D:4)
  A scorpion (D:4)
  An orc priest (D:4)
  Jessica (D:3)
  Natasha (thrice) (D:3)
  An iguana (D:4)
  An orc wizard (D:3)
  3 adders
  3 worms
  A dart slug (D:2)
  14 orcs
  8 ball pythons
  5 endoplasms
  4 giant cockroaches
  4 goblins
  7 hobgoblins
  8 jackals
  3 quokkas
  6 bats
  4 frilled lizards
  4 kobolds
  8 rats
91 creatures vanquished.

Vanquished Creatures (others)
  2 plants (D:5)
2 creatures vanquished.

Grand Total: 93 creatures vanquished

Notes
Turn   | Place    | Note
-------+----------+-------------------------------------------
     0 | D:1      | growler the Draconian Transmuter began the quest for the
                  | Orb.
     0 | D:1      | Reached XP level 1. HP: 16/16 MP: 3/3
   254 | D:1      | Reached XP level 2. HP: 23/23 MP: 3/5
   257 | D:1      | Learned a level 2 spell: Wereblood
   716 | D:2      | Reached XP level 3. HP: 22/28 MP: 4/6
   720 | D:2      | Learned a level 3 spell: Spider Form
   875 | D:2      | Got the Reference Book on the Swarm
  1046 | D:2      | Got the Incunabulum of Transformation
  1144 | D:2      | Found a glowing golden altar of the Shining One.
  1387 | D:3      | Noticed Natasha
  1394 | D:3      | Killed Natasha
  1395 | D:3      | Reached XP level 4. HP: 22/35 MP: 6/8
  1473 | D:3      | Noticed Natasha
  1605 | D:3      | Reached skill level 4 in Unarmed Combat
  1682 | D:3      | Found a transporter.
  1806 | D:3      | Noticed Jessica
  1826 | D:3      | Killed Jessica
  1827 | D:3      | Reached XP level 5. HP: 18/40 MP: 9/9
  1832 | D:3      | Learned a level 4 spell: Ice Form
  2025 | D:3      | Killed Natasha
  2247 | D:3      | Noticed Natasha
  2255 | D:3      | Killed Natasha
  2472 | D:3      | Found a transporter.
  2475 | D:3      | Noticed growler's ghost (amateur DrTm)
  2513 | D:3      | Identified the ring "Loyfyrr" {Contam rN+ Int+4 Dex+9}
  2715 | D:3      | Found a faded altar of an unknown god.
  2864 | D:4      | Reached skill level 5 in Unarmed Combat
  3126 | D:4      | Reached XP level 6. HP: 41/47 MP: 8/10
  3197 | D:4      | Found a staircase to the Ecumenical Temple.
  3215 | Temple   | Entered the Ecumenical Temple
  3215 | Temple   | Found a transporter.
  3215 | Temple   | Found a transporter.
  3217 | Temple   | Found a transporter.
  3217 | Temple   | Found a transporter.
  3243 | Temple   | Became a worshipper of the Wu Jian Council
  3636 | D:4      | Reached skill level 6 in Unarmed Combat
  4109 | D:4      | Found a burning altar of Makhleb.
  4236 | D:4      | Found a hide-covered altar of Uskayaw.
  4236 | D:4      | Found a glowing golden altar of the Shining One.
  4374 | D:5      | Entered Level 5 of the Dungeon
  4433 | D:5      | Slain by a centaur

Illustrated notes

Levels and vault maps discovered:
D:1:      ncdulo_wetmaze, layout_basic, minmay_misc_feat_square,
          corexii_item_surrounded_by_moat, minmay_misc_feat_doors,
          dreamdust_mushroom_princess, minmay_misc_feat_iff
D:2:      layout_rooms, basic_altar
D:3:      layout_basic, shapermc_ecumenical_altar_notcrosses,
          gammafunk_ghost_mausoleum, st_stairs_2, minmay_misc_feat_more_columns,
          minmay_misc_feat_tiny, uniq_jessica, uniq_natasha
D:4:      layout_layer_cave, mainiacjoe_overflow_surrounded_room,
          gammafunk_temple_overflow_statue, minmay_temple_entry_proselytizer
D:5:      wad_lake_hut, layout_loops_ring, serial_shops, shop
Temple:   hellmonk_temple_divided_pantheon

Skill      XL: |  1  2  3  4  5  6 |
---------------+-------------------+-----
Transmutations | 3 4 |  4.0
Spellcasting   | 3 |  3.0
Unarmed Combat | 4 5 6 |  6.3
Fighting       | |  1.1
Dodging        | |  1.7

Action                   |  1- 3 |  4- 6 || total
-------------------------+-------+-------++-------
Melee: Unarmed           |   118 |   181 ||   299
       Kick              |    14 |    29 ||    43
       Headbutt          |     9 |    10 ||    19
       Tailslap          |     9 |    15 ||    24
       Punch             |     1 |     8 ||     9
 Cast: Beastly Appendage |    12 |    14 ||    26
       Wereblood         |     5 |     2 ||     7
Invok: Lunge             |       |     2 ||     2
  Use: Scroll            |     2 |       ||     2
       Potion            |       |     2 ||     2
 Stab: Sleeping          |     1 |     1 ||     2
Armor: Skin              |    45 |    48 ||    93
Dodge: Dodged            |    93 |    92 ||   185
       Repelled          |       |     1 ||     1
